 Dungeon Crawl Stone Soup version 0.26-a0-612-gd4d190f45e (webtiles) character file.

Game seed: 1372984138517183915

7 Gottschkopf the Firebug (level 1, -1/14 HPs)
             Began as a Draconian Fire Elementalist on Sept 10, 2020.
             Slain by a jackal (3 damage)
             ... on level 1 of the Dungeon.
             The game lasted 00:00:43 (179 turns).

Gottschkopf the Firebug (DrFE)                       Turns: 179, Time: 00:00:44

Health: -1/14      AC:  4    Str: 10    XL:     1   Next: 91%
Magic:  0/3        EV: 12    Int: 15    God:
Gold:   0          SH:  0    Dex: 11    Spells: 3/4 levels left

rFire    . . .     SeeInvis .   (no weapon)
rCold    . . .     Faith    .   (no shield)
rNeg     . . .     Spirit   .   (armour unavailable)
rPois    .         Reflect  .   (helmet restricted)
rElec    .         Harm     .   (no cloak)
rCorr    .                      (no gloves)
MR       .....                  (no boots)
Stlth    ++........             (no amulet)
HPRegen  0.04/turn              (no ring)
MPRegen  0.08/turn              (no ring)

@: no status effects
A: unfitting armour, cold-blooded, AC +4
a: no special abilities


You were on level 1 of the Dungeon.
You visited 1 branch of the dungeon, and saw 1 of its levels.

Inventory:

Scrolls
 a - 4 scrolls of remove curse {unknown}
 b - 2 scrolls of random uselessness {unknown}
 c - a scroll of identify {unknown}


   Skills:
 - Level 1.7 Dodging
 - Level 1.7 Stealth
 - Level 2.0 Spellcasting
 - Level 1.0 Conjurations
 + Level 3.5 Fire Magic


You had 3 spell levels left.
You knew the following spells:

 Your Spells              Type           Power        Failure   Level
a - Foxfire               Conj/Fire      #...         9%          1

Your spell library contained the following spells:

 Spells                   Type           Power        Failure   Level
 Conjure Flame            Conj/Fire      #.......     26%         3
 Inner Flame              Hex/Fire       #.......     32%         3
 Sticky Flame             Conj/Fire      #.......     65%         4
 Fireball                 Conj/Fire      #.........   94%         5


Dungeon Overview and Level Annotations

Branches:
Dungeon (1/15)

Altars:


Innate Abilities, Weirdness & Mutations

Your plain brown scales are hard. (AC +4)
You cannot fit into any form of body armour.
You are cold-blooded and may be slowed by cold attacks.


Message History

The jackal is moderately wounded.
The jackal bites you but does no damage.
The jackal barely misses you.
The jackal bites you but does no damage.
Casting: Foxfire (safe; 9% risk of failure)
Confirm with . or Enter, or press ? or * to list all spells.
You conjure some foxfire!
The jackal bites you.
* * * LOW HITPOINT WARNING * * *
The jackal bites you.
* * * LOW HITPOINT WARNING * * *
Unknown command.
The foxfire hits the jackal.
The jackal is almost dead.
The foxfire hits the jackal.
You kill the jackal!
Found 28 stones.
The jackal bites you but does no damage.
Found 14 bolts.
The jackal bites you.
You die...

#.. #(# #.# #.# #.#
#(# ##### #.#
.....########h########
#.#.#.#.#.#.#@.......
#.#.#.#.#.#..#####.#
#.#.≈≈≈≈≈.#.#.#
#.#≈...≈#.#..#
#.≈...≈.#.#.####
#.#≈.<.≈#.#...§.##.#
#.#.≈≈≈≈≈.#.#†........
.#.#.#.#.#.#.###.##.##
#.#.#.#.#.#.#.......


You could see a jackal.

Vanquished Creatures
  A leopard gecko (D:1)
  2 giant cockroaches (D:1)
  2 jackals (D:1)
5 creatures vanquished.

Vanquished Creatures (others)
  13 foxfires (D:1)
13 creatures vanquished.

Grand Total: 18 creatures vanquished

Notes
Turn   | Place    | Note
-------+----------+-------------------------------------------
     0 | D:1      | Gottschkopf the Draconian Fire Elementalist began the quest
                  | for the Orb.
     0 | D:1      | Reached XP level 1. HP: 14/14 MP: 3/3
   179 | D:1      | Slain by a jackal

Illustrated notes

Levels and vault maps discovered:
D:1:      ncdulo_watergridlock, layout_loops_ring

Action                   || total
-------------------------++-------
Melee: Unarmed           ||    12
       Tailslap          ||     1
 Cast: Foxfire           ||     7
Armor: Skin              ||     5
Dodge: Dodged            ||    23

Table legend: (Time is in decaauts)
 A = Elapsed time spent in this place.
 B = Non-inter-level travel time spent in this place.
 C = Inter-level travel time spent in this place.
 D = Time resting spent in this place.
 E = Time spent auto-exploring this place.
 F = Levels seen in this place.
 G = Mean time per level.
                   A        B        C        D        E       F      G
               +--------+--------+--------+--------+--------+-----+--------+
         Total |    179 |    179 |      0 |      0 |    104 |   1 |  179.0 |
       Dungeon |    179 |    179 |      0 |      0 |    104 |   1 |  179.0 |
               +--------+--------+--------+--------+--------+-----+--------+

Top non-repeatable levels by time:
     D:1: 179 daAuts
